 Dungeon Crawl Stone Soup version 0.26-a0-752-gcff87cac9a (webtiles) character file.

Game seed: 3178524804752233819

157 Forecaster the Stinger (level 5, -2/42 HPs)
             Began as a Naga Venom Mage on Nov 6, 2020.
             Slain by a gnoll
             ... wielding a +0 halberd
              (4 damage)
             ... on level 3 of the Dungeon.
             The game lasted 00:09:18 (3722 turns).

Forecaster the Stinger (Naga Venom Mage)            Turns: 3722, Time: 00:09:20

Health: -2/42      AC:  6    Str: 10    XL:     5   Next: 38%
Magic:  1/9        EV: 10    Int: 16    God:
Gold:   200        SH:  0    Dex: 12    Spells: 7/10 levels left

rFire    . . .     SeeInvis +   o - +0 dagger (speed)
rCold    . . .     Faith    .   (no shield)
rNeg     . . .     Spirit   .   a - +0 robe
rPois    +         Reflect  .   (no helmet)
rElec    .         Harm     .   (no cloak)
rCorr    .         Rampage  .   (no gloves)
MR       .....                  (no barding)
Stlth    ++........             (no amulet)
HPRegen  0.14/turn              v - +4 ring of protection
MPRegen  0.11/turn              (no ring)

@: very slow
A: large, see invisible, deformed body, poison resistance, slowness 2, spit
poison 1, AC +1
a: Spit Poison


You were on level 3 of the Dungeon.
You visited 1 branch of the dungeon, and saw 3 of its levels.

You collected 200 gold pieces.

Inventory:

Hand Weapons
 c - a +0 dagger
 o - a +0 dagger of speed (weapon)
 u - a +0 rapier
Missiles
 e - 9 poisoned darts (quivered)
Armour
 a - a +0 robe (worn)
 p - a +2 scale mail of magic resistance
 q - a +0 robe
Jewellery
 v - a +4 ring of protection (left hand)
Scrolls
 f - 5 scrolls of identify {unknown}
 h - a scroll of magic mapping {unknown}
 m - 2 scrolls of teleportation {unknown}
 n - a scroll of amnesia {unknown}
 s - a scroll of random uselessness {unknown}
 t - 2 scrolls of remove curse {unknown}
Potions
 b - a potion of lignification {unknown}
 d - 2 potions of ambrosia {unknown}
 g - 2 potions of haste {unknown}
 i - a potion of heal wounds {unknown}
 j - a potion of degeneration {unknown}
 k - a potion of flight {unknown}
 l - 2 potions of invisibility {unknown}


   Skills:
 + Level 0.7 Short Blades
 + Level 1.7 Dodging
 + Level 3.2 Stealth
 + Level 3.3 Spellcasting
 + Level 1.1 Transmutations
 + Level 1.4 Air Magic
 + Level 5.7 Poison Magic


You had 7 spell levels left.
You knew the following spells:

 Your Spells              Type           Power        Failure   Level
a - Sting                 Tmut/Pois      ##..         4%          1
b - Poisonous Vapours     Pois/Air       ##....       6%          2

Your spell library contained the following spells:

 Spells                   Type           Power        Failure   Level
 Olgreb's Toxic Radiance  Pois           ###.....     17%         4
 Mephitic Cloud           Conj/Pois/Air  ##......     21%         3
 Ignite Poison            Fire/Tmut/Pois ##......     22%         3


Dungeon Overview and Level Annotations

Branches:
Dungeon (3/15)

Altars:
Dithmenos
Vehumet
Xom


Innate Abilities, Weirdness & Mutations

You cannot wear boots.
Your serpentine skin is tough. (AC +1)
You have supernaturally acute eyesight. (SInv)
Armour fits poorly on your strangely shaped body.
Your system is resistant to poisons. (rPois)
You cover ground very slowly.
You can spit poison.


Message History

You have got your breath back.
The gnoll hits you with a +0 halberd.
* * * LOW HITPOINT WARNING * * *
You see here a rat corpse.
You hit the gnoll but do no damage.
The gnoll is heavily wounded.
The gnoll hits you but does no damage.
You hit the gnoll.
The gnoll is severely wounded.
You barely miss the gnoll.
The gnoll is severely wounded.
The gnoll hits you with a +0 halberd.
* * * LOW HITPOINT WARNING * * *
Throwing (i - inventory)
e - 10 poisoned darts (quivered)
Press: ? - help, Shift-Dir - straight line, f/p - gnoll
Aim: a gnoll, wielding a +0 halberd (severely wounded)
You throw a poisoned dart.
The poisoned dart closely misses the gnoll.
The gnoll hits you with a +0 halberd.
You die...

#
.......#.####.#########...
# #.#####.##
#...........## #? #.#
###.######### ##. #.# #.#
... #.# #.# #.####.# #.#
#.#....##### #.#
#.#.#####..###)####
#r#.....@g)....(..#
#.############...... #..
##.## #. #. #


You could see a gnoll and a rat.

Vanquished Creatures
  3 gnolls (D:3)
  7 adders
  An ooze (D:2)
  A worm (D:2)
  A dart slug (D:2)
  2 orcs
  5 bats
  A giant cockroach (D:1)
  3 goblins
  7 hobgoblins
  8 jackals
  A kobold (D:2)
  A quokka (D:3)
  2 ball pythons
  7 frilled lizards
  11 rats
61 creatures vanquished.

Notes
Turn   | Place    | Note
-------+----------+-------------------------------------------
     0 | D:1      | Forecaster the Naga Venom Mage began the quest for the Orb.
     0 | D:1      | Reached XP level 1. HP: 15/15 MP: 3/3
   290 | D:1      | Reached XP level 2. HP: 18/22 MP: 1/5
   296 | D:1      | Learned a level 2 spell: Poisonous Vapours
  1301 | D:2      | Reached XP level 3. HP: 28/28 MP: 3/6
  1305 | D:2      | Reached skill level 5 in Poison Magic
  1842 | D:2      | Reached XP level 4. HP: 36/36 MP: 3/8
  3114 | D:3      | Found a shimmering altar of Xom.
  3181 | D:3      | Reached skill level 1 in Air Magic
  3231 | D:3      | Found a radiant altar of Vehumet.
  3231 | D:3      | Found a shadowy altar of Dithmenos.
  3549 | D:3      | Reached XP level 5. HP: 38/42 MP: 4/9
  3721 | D:3      | HP: 2/42 [gnoll/+0 halberd (3)]
  3722 | D:3      | Slain by a gnoll

Illustrated notes

Levels and vault maps discovered:
D:1:      dpeg_arrival_ratfight, layout_basic
D:2:      layout_basic, minmay_misc_feat_square
D:3:      layout_loops_ring, lemuel_crystal_altar,
          gammafunk_temple_overflow_pools, serial_co_window_serial,
          co_window_paths_a, co_window_corner_a, co_window_paths_b,
          co_window_paths_a, co_window_paths_a, co_window_corner_a,
          co_window_of_opportunity_a, co_window_of_opportunity_a,
          co_window_paths_a, co_window_paths_c, co_window_2corner,
          co_window_cross_3, co_window_broadway_a, co_window_2corner,
          glass_columns_a, glass_columns_b, glass_columns_a,
          portal_sewer_entry_b

Skill      XL: |  1  2  3  4 |
---------------+-------------+-----
Poison Magic   | 5 |  5.7
Spellcasting   | 3 |  3.3
Air Magic      | 1 |  1.4
Short Blades   | |  0.7
Dodging        | |  1.7
Stealth        | |  3.2
Transmutations | |  1.1

Action                   |  1- 3 |  4- 6 || total
-------------------------+-------+-------++-------
Melee: Dagger            |    53 |    76 ||   129
Throw: Dart              |       |     1 ||     1
 Cast: Sting             |     9 |       ||     9
       Poisonous Vapours |    27 |    38 ||    65
 Abil: Spit Poison       |       |     1 ||     1
  Use: Potion            |       |     1 ||     1
Armor: Robe              |    14 |    15 ||    29
Dodge: Dodged            |    36 |    39 ||    75

Table legend: (Time is in decaauts)
 A = Elapsed time spent in this place.
 B = Non-inter-level travel time spent in this place.
 C = Inter-level travel time spent in this place.
 D = Time resting spent in this place.
 E = Time spent auto-exploring this place.
 F = Levels seen in this place.
 G = Mean time per level.
                   A        B        C        D        E       F      G
               +--------+--------+--------+--------+--------+-----+--------+
         Total |   4505 |   4326 |    179 |    379 |   3181 |   3 | 1501.7 |
       Dungeon |   4505 |   4326 |    179 |    379 |   3181 |   3 | 1501.7 |
               +--------+--------+--------+--------+--------+-----+--------+

Top non-repeatable levels by time:
     D:2: 2102 daAuts
     D:1: 1605 daAuts
     D:3: 797 daAuts
